 Dungeon Crawl Stone Soup version 0.20-a0-927-g1ae2c61 (webtiles) character file.

12770 nikopol the Fighter (level 11, -3/103 HPs)
             Began as a Minotaur Berserker on Mar 28, 2017.
             Was a High Priest of Trog.
             Slain by an eight-headed hydra (6 damage)
             ... on level 12 of the Dungeon.
             The game lasted 00:37:46 (10241 turns).

nikopol the Fighter (Minotaur Berserker)           Turns: 10241, Time: 00:37:47

Health: -3/103     AC: 16    Str: 23    XL:     11   Next: 66%
Magic:  10/10      EV: 16    Int:  4    God:    Trog [*****.]
Gold:   450        SH:  0    Dex: 12    Spells: 10/10 levels left

rFire    + . .     SeeInvis .   z - +7 shortbow
rCold    . . .     Gourm    .   (shield currently unavailable)
rNeg     . . .     Faith    .   t - +0 scale mail {rF+}
rPois    +         Spirit   .   (helmet restricted)
rElec    .         Reflect  .   G - +2 cloak
rCorr    .         Harm     .   y - +2 pair of gloves
MR       .....                  (no boots)
Stlth    ..........             (no amulet)
Regen    0.3/turn               r - ring of poison resistance
MPRegen  0.2/turn               (no ring)

@: no status effects
A: retaliatory headbutt, horns 2
a: Berserk, Trog's Hand, Brothers in Arms, Burn Spellbooks, Renounce Religion


You were on level 12 of the Dungeon.
You worshipped Trog.
Trog was extremely pleased with you.
You were not hungry.

You visited 1 branch of the dungeon, and saw 13 of its levels.

You collected 835 gold pieces.
You spent 385 gold pieces at shops.

Inventory:

Hand Weapons
 a - a +1 hand axe of chopping
 w - a +0 hand axe of electrocution
 z - a +7 shortbow (weapon)
 D - a +2 antimagic battleaxe
 V - a +0 shortbow
Missiles
 i - 304 arrows (quivered)
Armour
 t - a +0 scale mail of fire resistance (worn)
 y - a +2 pair of gloves (worn)
 G - a +2 cloak (worn)
 S - the +0 chain mail of Indomitability {rElec rN++ Str-5 Dex+4}
   (You bought it in a shop on level 10 of the Dungeon)

   It affects your strength (-5).
   It affects your dexterity (+4).
   It insulates you from electricity.
   It greatly protects you from negative energy.
Jewellery
 r - a ring of poison resistance (left hand)
Wands
 d - a wand of disintegration (8/24)
 x - a wand of enslavement (10/24)
 F - a wand of disintegration (4/24)
 O - a wand of polymorph (12/24)
 Q - a wand of flame (21/48)
 T - a wand of iceblast (12/15)
Scrolls
 e - 3 scrolls of remove curse
 j - 5 scrolls of magic mapping
 k - 2 scrolls of enchant armour {unknown}
 l - 4 scrolls of amnesia {unknown}
 m - 12 scrolls of teleportation
 n - 3 scrolls of blinking {unknown}
 q - 8 scrolls of identify
 u - a scroll of summoning {unknown}
 C - 3 scrolls of immolation {unknown}
 H - 2 scrolls of random uselessness {unknown}
 J - a scroll of torment {unknown}
 L - 3 scrolls of enchant weapon
 M - 2 scrolls of fog {unknown}
Potions
 b - 3 potions of heal wounds {unknown}
 g - 4 potions of invisibility
 o - a potion of brilliance {unknown}
 p - a potion of berserk rage {unknown}
 s - a potion of magic {unknown}
 v - 3 potions of lignification {unknown}
 A - 2 potions of might {unknown}
 B - 3 potions of curing {unknown}
 E - 3 potions of flight {unknown}
 K - a potion of cancellation {unknown}
 N - a potion of agility {unknown}
 P - 2 potions of haste {unknown}
 U - a potion of degeneration {unknown}
Comestibles
 c - 12 bread rations
 f - 4 meat rations
 h - 9 fruits
 I - 5 royal jellies
 R - 5 chunks of flesh


   Skills:
 + Level 11.6 Fighting
 + Level 11.6 Axes
 + Level 11.2 Armour
 + Level 10.9 Dodging


You had 10 spell levels left.
You didn't know any spells.

Dungeon Overview and Level Annotations

Branches:
Dungeon (13/15)            Temple (0/1) D:6             Orc (0/2) D:11
   Lair: D:8-11      Vaults: D:13-14

Altars:
Ashenzari
Fedhas
Qazlal
Vehumet
Yredelemnul

Shops:
D:8 ?=}   D:10 [


Innate Abilities, Weirdness & Mutations

You reflexively headbutt those who attack you in melee.
You have a pair of horns on your head.


Message History

Aim: an eight-headed hydra (severely wounded)
You shoot an arrow.
The arrow barely misses the eight-headed hydra.
The eight-headed hydra completely misses you.
You furiously retaliate!
You headbutt the eight-headed hydra, but do no damage.
The eight-headed hydra bites you but does no damage.
The eight-headed hydra bites you.
* * * LOW HITPOINT WARNING * * *
The eight-headed hydra bites you.
* * * LOW HITPOINT WARNING * * *
The eight-headed hydra bites you.
* * * LOW HITPOINT WARNING * * *
The eight-headed hydra bites you but does no damage.
The eight-headed hydra bites you.
* * * LOW HITPOINT WARNING * * *
The eight-headed hydra bites you!
* * * LOW HITPOINT WARNING * * *
The eight-headed hydra bites you.
You die...

(...... .......
#...... #...(..
#...(.. #....(. #
#....?D########.####
#......@............
#..................<
+[..................
+...................
#.............######
#+###.......##+####
#...........+
#...........#
#.........<.#


You could see an eight-headed hydra.

Vanquished Creatures
  3 two-headed ogres
  An unseen horror (D:10)
  Pikel (D:4)
  2 trolls (D:10)
  Prince Ribbit (D:6)
  A hornet (D:8)
  2 hippogriffs
  A spriggan (D:10)
  A wyvern (D:9)
  Sigmund (D:2)
  6 yaks
  A wraith (D:10)
  Eustachio (D:6)
  A hungry ghost (D:7)
  Grum (D:7)
  The ghost of dxctxrx the Poker, an amateur MfSk (D:3)
  3 orc warriors
  3 black bears
  2 eyes of draining
  A sky beast (D:11)
  An ice beast (D:11)
  7 ogres
  5 phantoms
  A necrophage (D:11)
  3 wolves (D:7)
  10 centaurs
  2 crocodiles
  6 bullfrogs
  A wyvern zombie (D:9)
  2 scorpions
  A water moccasin skeleton (D:6)
  10 killer bees (D:9)
  A howler monkey (D:6)
  3 crimson imps
  2 quasits
  A centaur zombie (D:8)
  A bullfrog zombie (D:11)
  9 hounds
  2 jellies
  9 orc priests
  Crazy Yiuf (D:4)
  A gnoll shaman (D:6)
  2 iguanas
  4 bullfrog skeletons
  3 centaur skeletons
  Ijyb (D:4)
  Terence (D:3)
  10 orc wizards
  5 worker ants
  3 killer bee zombies
  3 hound skeletons
  12 gnolls
  10 adders
  A shadow imp (D:8)
  3 oozes
  3 worms (D:2)
  3 leopard geckos
  66 orcs
  4 giant cockroaches
  9 goblins
  4 hobgoblins
  28 jackals
  8 kobolds
  2 quokkas
  A ball python (D:4)
  6 bats
  7 frilled lizards
  9 rats
321 creatures vanquished.

Vanquished Creatures (others)
  A slave (D:4)
  An ogre (D:4)
  An adder skeleton (D:4)
  A worm (D:4)
  An orc (D:4)
  A frilled lizard (D:4)
6 creatures vanquished.

Grand Total: 327 creatures vanquished

Notes
Turn   | Place    | Note
-------+----------+-------------------------------------------
     0 | D:1      | nikopol the Minotaur Berserker began the quest for the Orb.
     0 | D:1      | Reached XP level 1. HP: 19/19 MP: 0/0
   112 | D:1      | Reached XP level 2. HP: 24/27 MP: 1/1
   854 | D:2      | Reached XP level 3. HP: 30/33 MP: 2/2
   979 | D:2      | Noticed Sigmund
  1096 | D:2      | Killed Sigmund
  1096 | D:2      | Reached skill level 5 in Fighting
  1096 | D:2      | Reached XP level 4. HP: 17/42 MP: 3/3
  1096 | D:2      | Reached XP level 5. HP: 20/48 MP: 4/4
  1292 | D:2      | Reached ** piety under Trog
  1641 | D:2      | Reached XP level 6. HP: 46/56 MP: 5/5
  1980 | D:3      | Noticed dxctxrx's ghost (amateur MfSk)
  1986 | D:3      | Killed dxctxrx's ghost
  1986 | D:3      | Reached skill level 5 in Axes
  2114 | D:3      | Reached XP level 7. HP: 59/62 MP: 6/6
  2165 | D:3      | Reached *** piety under Trog
  2604 | D:3      | Noticed Terence
  2607 | D:3      | Killed Terence
  2607 | D:3      | Reached skill level 5 in Armour
  2743 | D:4      | Noticed Pikel
  2781 | D:4      | Killed Pikel
  2781 | D:4      | Reached skill level 5 in Dodging
  2781 | D:4      | Reached XP level 8. HP: 71/71 MP: 7/7
  3145 | D:4      | Noticed Ijyb
  3149 | D:4      | Killed Ijyb
  3449 | D:4      | Found a runed door.
  3453 | D:4      | Noticed Crazy Yiuf
  3455 | D:4      | Killed Crazy Yiuf
  3492 | D:5      | Entered Level 5 of the Dungeon
  3806 | D:5      | Reached **** piety under Trog
  3927 | D:5      | Found a blossoming altar of Fedhas.
  4362 | D:6      | Found a staircase to the Ecumenical Temple.
  4380 | D:6      | Reached XP level 9. HP: 75/81 MP: 8/8
  4455 | D:6      | Noticed Eustachio
  4475 | D:6      | Killed Eustachio
  4554 | D:6      | Found a shattered altar of Ashenzari.
  4839 | D:6      | Noticed Prince Ribbit
  4865 | D:6      | Killed Prince Ribbit
  5049 | D:7      | Reached ***** piety under Trog
  5276 | D:7      | Found a radiant altar of Vehumet.
  5894 | D:8      | Noticed Grum
  5903 | D:7      | Reached XP level 10. HP: 91/91 MP: 9/9
  5929 | D:7      | Killed Grum
  6413 | D:8      | Reached skill level 10 in Fighting
  6413 | D:8      | Reached skill level 10 in Axes
  6503 | D:8      | Found Haegarr's Magic Scroll Emporium.
  6520 | D:8      | Bought a scroll of magic mapping for 35 gold pieces
  6520 | D:8      | Bought a scroll of enchant weapon for 75 gold pieces
  6534 | D:8      | Found Ithit's Jewellery Shoppe.
  6572 | D:8      | Found Vickam's Gadget Shop.
  6855 | D:9      | Reached skill level 10 in Armour
  7020 | D:9      | Received a gift from Trog
  7447 | D:9      | Noticed a two-headed ogre
  7463 | D:9      | Killed a two-headed ogre
  7463 | D:9      | Reached XP level 11. HP: 63/101 MP: 10/10
  7502 | D:9      | Reached skill level 10 in Dodging
  7623 | D:10     | Entered Level 10 of the Dungeon
  7623 | D:10     | Found a basalt altar of Yredelemnul.
  7770 | D:10     | Killed an unseen horror
  7991 | D:10     | Found Toosav's Antique Armour Boutique.
  8004 | D:10     | Bought an ancient chain mail for 275 gold pieces
  8069 | D:10     | Identified the cursed +0 chain mail of Indomitability {rElec rN++ Str-5 Dex+4} (You bought it in a shop on level 10 of the Dungeon)
  8620 | D:10     | Noticed a two-headed ogre
  8629 | D:10     | Killed a two-headed ogre
  9257 | D:11     | Noticed a two-headed ogre
  9269 | D:11     | Killed a two-headed ogre
  9623 | D:11     | Found a staircase to the Orcish Mines.
 10038 | D:11     | Found a stormy altar of Qazlal.
 10107 | D:11     | You fall through a shaft for 2 floors!
 10149 | D:12     | Received a gift from Trog
 10231 | D:12     | Noticed an eight-headed hydra
 10241 | D:12     | HP: 3/103 [eight-headed hydra (8)]
 10241 | D:12     | Slain by an eight-headed hydra

Vault maps used:
D:1:      minmay_arrival_stair_chambers, minmay_pentomino_x4
D:2:      st_stairs_4, uniq_sigmund
D:3:      first_bread, st_stairs_12, roderic_serpentine_path, uniq_terence
D:4:      uniq_iyjb, uniq_pikel, uniq_crazy_yiuf_cottage
D:5:      basic_altar, hangedman_abyss_or_decor_stabs
D:6:      minmay_temple_entry_purple_smoke, evilmike_ruin_ashenzari,
          uniq_eustachio, uniq_prince_ribbit1
D:7:      fiery_altar_vehumet
D:8:      serial_shops, nicolae_shop_window_shopping, shop_coins, shop_statue,
          uniq_grum
D:10:     basic_altar, serial_shops, shop_fountains, the_bakery
D:11:     erik_lair_dragon, hiddenorc2_lemuel, grunt_qazlal_clouds
D:12:     david_defended_altar_orc
D:13:     minmay_expanding_squares, uniq_josephine, uniq_azrael

Skill      XL: |  1  2  3  4  5  6  7  8  9 10 11 |
---------------+----------------------------------+-----
Fighting       | 4 5 6 8 9 10 11 | 11.6
Dodging        | 3 4 5 6 8 9 10 | 10.9
Axes           | 4 5 6 7 9 10 11 | 11.6
Armour         | 3 4 5 7 9 10 11 | 11.2

Action                   |  1- 3 |  4- 6 |  7- 9 | 10-12 || total
-------------------------+-------+-------+-------+-------++-------
Melee: Hand axe          |    30 |    81 |   277 |   330 ||   718
       Headbutt          |     6 |    15 |    55 |    74 ||   150
       Shortbow          |       |       |       |     1 ||     1
 Fire: Shortbow          |       |       |    32 |   166 ||   198
Invok: Berserk           |     1 |     1 |     4 |     4 ||    10
       Burn Spellbooks   |       |       |     1 |       ||     1
  Use: Scroll            |       |       |     5 |     1 ||     6
  Eat: Chunk             |     1 |     5 |    16 |    18 ||    40
       Fruit             |       |       |     1 |       ||     1
Armor: Animal skin       |     4 |       |       |       ||     4
       Scale mail        |       |    25 |   110 |   158 ||   293
Dodge: Dodged            |    30 |    31 |   188 |   332 ||   581
